 Dungeon Crawl Stone Soup version 0.18.1-50-g88ac8fd (console) character file.

253 CALLOUS the Sneak (level 6, -4/35 HPs)
             Began as a Tengu Enchanter on May 15, 2018.
             Was an Initiate of Vehumet.
             Slain by a centaur (6 damage)
             ... on level 4 of the Dungeon.
             The game lasted 01:22:44 (5953 turns).

CALLOUS the Sneak (Tengu Enchanter)                 Turns: 5953, Time: 01:22:45

Health: -4/35      AC:  4    Str:  4 (6)  XL:     6   Next: 14%
Magic:  0/11       EV: 15    Int: 15 (18) God:    Vehumet [......]
Gold:   93         SH:  0    Dex: 13 (14) Spells: 4 memorised, 1 level left

rFire  + . .     SeeInvis .     a - +1 dagger
rCold  + . .     Gourm    +     b - +1 robe
rNeg   . . .     Faith    .     (no shield)
rPois  +         Spirit   .     (helmet restricted)
rElec  +         Dismiss  .     (no cloak)
rCorr  +         Reflect  .     I - +0 pair of gloves
SustAt .         Harm     .     (boots unavailable)
MR     .....                    K - amulet of the gourmand
Stlth  +++.......               (no ring)
                                (no ring)

@: resistant, flying quickly and evasively, very slightly contaminated, quick,
not resistant to hostile enchantments, fairly stealthy
A: beak, talons 3, mutation resistance 1, weak 1, wild magic 1, able to fly 1
a: Renounce Religion


You were on level 4 of the Dungeon.
You worshipped Vehumet.
Vehumet was noncommittal.
You were hungry.

You visited 2 branches of the dungeon, and saw 5 of its levels.

You collected 93 gold pieces.

Inventory:

Hand Weapons
 a - a +1 dagger (weapon)
 J - a cursed -3 dagger
Missiles
 g - 149 stones (quivered)
 N - 23 bolts
Armour
 b - a +1 robe (worn)
 w - a +0 large shield
 I - a +0 pair of gloves (worn)
Jewellery
 j - a +2 ring of strength {unknown}
 o - an uncursed ring of wizardry {unknown}
 A - an uncursed ring of resist corrosion {unknown}
 H - a +2 ring of dexterity {unknown}
 K - an amulet of the gourmand (around neck)
Scrolls
 h - 2 scrolls of identify {unknown}
 m - a scroll of blinking {unknown}
 p - a scroll of fog {unknown}
 r - 2 scrolls of teleportation {unknown}
 v - 4 scrolls of remove curse {unknown}
 y - a scroll of magic mapping {unknown}
 L - a scroll of amnesia {unknown}
Potions
 i - a potion of cure mutation
 C - a potion of cancellation {unknown}
 F - a potion of haste {unknown}
 O - a potion of invisibility {unknown}
Books
 c - a book of Maledictions

   Spells                             Type                      Level
   a - Corona                         Hexes                        1
   b - Ensorcelled Hibernation        Hexes/Ice                    2
   c - Confuse                        Hexes                        3
   d - Tukima's Dance                 Hexes                        3
   e - Dazzling Spray                 Conjuration/Hexes            3
 t - a book of Debilitation

   Spells                             Type                      Level
   a - Corona                         Hexes                        1
   b - Slow                           Hexes                        2
   c - Gell's Gravitas                Hexes/Translocation          3
   d - Inner Flame                    Hexes/Fire                   3
   e - Cause Fear                     Hexes                        4
   f - Leda's Liquefaction            Hexes/Earth                  4
Comestibles
 d - 3 bread rations
 k - 3 fruits
 D - a beef jerky
 P - a chunk of flesh


   Skills:
 * Level 1.9 Fighting
 - Level 1.1 Short Blades
 * Level 1.9 Armour
 * Level 3.2 Dodging
 + Level 4.7 Stealth
 + Level 2.7 Spellcasting
 * Level 1.6 Conjurations
 - Level 2.1 Hexes
 * Level 1.0 Fire Magic


You had one spell level left.
You knew the following spells:

 Your Spells              Type           Power        Failure   Level  Hunger
a - Corona                Hex            ##.....      17%         1    #......
b - Ensorcelled Hibernat  Hex/Ice        #.....       28%         2    ##.....
c - Dazzling Spray        Conj/Hex       ##....       38%         3    ###....
d - Inner Flame           Hex/Fire       #.......     43%         3    ###....


Dungeon Overview and Level Annotations

Branches:
Dungeon (4/15)             Temple (1/1) D:4

Altars:
Ashenzari
Cheibriados
Fedhas
Makhleb
Nemelex Xobeh
Qazlal
Ru
Trog
Vehumet
The Shining One

Annotations:
D:2 1 exclusion
D:3 1 exclusion
D:4 exclusion: 4 worker ants


Innate Abilities, Weirdness & Mutations

You have a beak for a mouth.
You have claws for feet.
You can fly.
You are somewhat resistant to further mutation.
You are weak. (Str -2)
Your spells are a little harder to cast, but a little more powerful.


Message History

Drink which item? (? for menu, Esc to quit)
It was a potion of resistance.
You feel protected. The centaur misses you.
Drink which item? (? for menu, Esc to quit)
It was a potion of mutation.
You feel extremely strange.
You feel weaker.
You feel less in control of your magic.
You feel genetically stable. The centaur misses you.
The centaur completely misses you.
Drink which item? (? for menu, Esc to quit)
It was a potion of degeneration.
There was something very wrong with that liquid.
You feel weakened.
You feel dopey.
You feel clumsy. The centaur closely misses you.
Casting: Ensorcelled Hibernation
Confirm with . or Enter, or press ? or * to list all spells.
Aiming: Ensorcelled Hibernation
Press: ? - help, Shift-Dir - straight line, f/p - centaur
Aim: a centaur (heavily wounded, chance to defeat MR: 37%)
The centaur easily resists.
The centaur hits you.
You die...

#### #.. #.#
#######<#
###.@((..##
......c....##
############


You could see a centaur.

Vanquished Creatures
  A phantom (D:4)
  2 iguanas (D:4)
  A hound skeleton (D:4)
  3 adders
  A worm (D:3)
  2 dart slugs (D:3)
  4 giant geckos
  2 orcs
  2 ball pythons
  4 bats
  2 giant cockroaches
  9 goblins
  10 hobgoblins
  3 jackals (D:2)
  3 giant newts
  4 kobolds
  6 rats
59 creatures vanquished.

Notes
Turn   | Place    | Note
--------------------------------------------------------------
     0 | D:1      | CALLOUS the Tengu Enchanter began the quest for the Orb.
     0 | D:1      | Reached XP level 1. HP: 10/10 MP: 4/4
   332 | D:1      | Reached XP level 2. HP: 15/15 MP: 4/6
   336 | D:1      | Learned a level 2 spell: Ensorcelled Hibernation
  1385 | D:1      | Reached XP level 3. HP: 20/20 MP: 4/7
  1390 | D:1      | Learned a level 3 spell: Dazzling Spray
  1774 | D:1      | Reached skill level 1 in Fighting
  2133 | D:2      | Found a shattered altar of Ashenzari.
  2412 | D:2      | Reached skill level 1 in Armour
  3603 | D:3      | Reached XP level 4. HP: 25/25 MP: 5/8
  4509 | D:3      | Reached skill level 4 in Stealth
  5112 | D:4      | Reached skill level 1 in Conjurations
  5156 | D:4      | Gained mutation: You can fly. [Tengu growth]
  5156 | D:4      | Reached XP level 5. HP: 29/29 MP: 9/9
  5161 | D:4      | Learned a level 3 spell: Inner Flame
  5289 | D:4      | Found a staircase to the Ecumenical Temple.
  5299 | Temple   | Entered the Ecumenical Temple
  5351 | Temple   | Became a worshipper of Vehumet
  5381 | D:4      | Noticed a phantom
  5444 | D:4      | Killed a phantom
  5444 | D:4      | Reached XP level 6. HP: 12/35 MP: 9/11
  5751 | D:3      | Reached skill level 1 in Fire Magic
  5951 | D:4      | Gained mutation: You are weak. (Str -2) [potion of mutation]
  5951 | D:4      | Gained mutation: Your spells are a little harder to cast, but a little more powerful. [potion of mutation]
  5951 | D:4      | Gained mutation: You are somewhat resistant to further mutation. [potion of mutation]
  5953 | D:4      | Slain by a centaur

Skill      XL: |  1  2  3  4  5  6 |
---------------+-------------------+-----
Fighting       | 1 |  1.9
Armour         | 1 |  1.9
Stealth        | 4 |  4.7
Conjurations   | 1 |  1.6
Dodging        | 3 |  3.2
Fire Magic     | 1 |  1.0
Short Blades   | |  1.1
Spellcasting   | |  2.7
Hexes          | |  2.1

Action                   |  1- 3 |  4- 6 || total
-------------------------+-------+-------++-------
Melee: Dagger            |    59 |    95 ||   154
       Kick              |     5 |    29 ||    34
       Peck              |     2 |    17 ||    19
Throw: Stone             |   117 |    95 ||   212
 Cast: Corona            |     6 |     1 ||     7
       Ensorcelled Hiber |    34 |    22 ||    56
 Abil: Fly               |       |     4 ||     4
  Use: Potion            |     1 |     3 ||     4
 Stab: Sleeping          |    26 |    15 ||    41
       Distracted        |       |     1 ||     1
  Eat: Chunk             |    11 |     7 ||    18
       Meat ration       |       |     1 ||     1
Armor: Robe              |     7 |     9 ||    16
Dodge: Dodged            |    53 |    56 ||   109
